SBL
HAWTHORN HAWKS @ RICHMOND TIGERS
06/24/2022
 
TOP OF THE 1ST
Hawthorn Hawks batting - Pitching for Richmond Tigers : RHP Matt Folkard
Pitching: RHP Matt Folkard
Batting: LHB Fred Pascoe 0-0: Foul Ball, location: 7LMF
0-1: Ball
1-1: Ball
2-1: Swinging Strike
2-2: Ball
3-2: Strikes out swinging
Batting: RHB Frank Crang 0-0: Foul Ball, location: 9LDF
0-1: Ball
1-1: Swinging Strike
1-2: Ball
2-2: Strikes out swinging
Batting: LHB Chandler Cheney 0-0: Ground out 5-3 (Groundball, 56, EV 84.4 MPH)
Top of the 1st over - 0 runs, 0 hits, 0 errors, 0 left on base; Hawthorn 0 - Richmond 0
BOTTOM OF THE 1ST
Richmond Tigers batting - Pitching for Hawthorn Hawks : RHP Alan Redelius
Pitching: RHP Alan Redelius
Batting: RHB Tristen Deas 0-0: Fly out, F8 (Flyball, 8RM, EV 91.9 MPH)
Batting: LHB Andy Weisner 0-0: Ball
1-0: Foul Ball, location: 7LMF
1-1: Ball
2-1: Called Strike
2-2: Fly out, F7 (Flyball, 7, EV 80.0 MPH)
Batting: RHB Dae-hwan Kong 0-0: Ball
1-0: Called Strike
1-1: Foul Ball, location: 2F
1-2: Foul Ball, location: 2F
1-2: SINGLE (Groundball, 34D, EV 104.4 MPH)
Batting: RHB Paul Funnell 0-0: Ball
1-0: Foul Ball, location: 2F
1-1: SINGLE (Groundball, 6MD, EV 95.0 MPH)
Dae-hwan Kong to second
Runner from 2nd tries for 3rd, SAFE, throw by CF made to third
Batting: RHB Garry Bodenham 0-0: Ball
1-0: Called Strike
1-1: Ball
2-1: SINGLE (Groundball, 4D, EV 97.5 MPH)
Dae-hwan Kong scores
Paul Funnell to second
Runner from 2nd tries for 3rd, SAFE, throw by CF made to third
Batting: RHB Micah Plumtree 0-0: Ball
1-0: Ball
2-0: Foul Ball, location: 23F
2-1: Swinging Strike
2-2: SINGLE (Groundball, 34D, EV 110.6 MPH)
Paul Funnell scores
Garry Bodenham to second
Throwing error, E9
Garry Bodenham scores
Micah Plumtree to second
Batting: RHB Darren Honeysett 0-0: Ground out 5-3 (Groundball, 56S, EV 66.9 MPH)
Bottom of the 1st over - 3 runs, 4 hits, 1 error, 1 left on base; Hawthorn 0 - Richmond 3
TOP OF THE 2ND
Hawthorn Hawks batting - Pitching for Richmond Tigers : RHP Matt Folkard
Batting: RHB Marvin Leckenby 0-0: Ball
1-0: Ball
2-0: Called Strike
2-1: SINGLE (Groundball, 5D, EV 98.8 MPH)
Batting: LHB David Hayter 0-0: Foul Ball, location: 3DF
0-1: Ball
1-1: Ball
2-1: Ball
3-1: Called Strike
3-2: Base on Balls
Marvin Leckenby to second
Batting: LHB Macy Ferns 0-0: Ball
1-0: Called Strike
1-1: Swinging Strike
1-2: Ball
2-2: Foul Ball, location: 7LDF
2-2: Foul Ball, location: 2F
2-2: Ball
3-2: Reached on error, E7 (Flyball, 7LM, EV 96.9 MPH)
Marvin Leckenby to third
David Hayter to second
Batting: RHB Ed Glynn 0-0: Ball
1-0: Called Strike
1-1: Called Strike
1-2: Foul Ball, location: 5FF
1-2: Ball
2-2: Fly out, F8 (Flyball, 8LD, EV 103.8 MPH)
Runner from 3rd tags up, SCORES, throw by CF
David Hayter to third
Batting: LHB Chris Cunningham 0-0: Ball
1-0: Ball
2-0: Called Strike
2-1: Ball
3-1: Foul Ball, location: 2F
3-2: Strikes out swinging
Batting: RHB Justin Williams 0-0: Ball
1-0: Foul Ball, location: 2F
1-1: Fly out, F5 (Flyball, 5D, EV 93.1 MPH)
Top of the 2nd over - 1 run, 1 hit, 1 error, 2 left on base; Hawthorn 1 - Richmond 3
BOTTOM OF THE 2ND
Richmond Tigers batting - Pitching for Hawthorn Hawks : RHP Alan Redelius
Batting: RHB Gerald Doggett 0-0: Ball
1-0: Ball
2-0: Called Strike
2-1: Called Strike
2-2: Strikes out swinging
Batting: RHB Arnie Studs 0-0: Ball
1-0: Called Strike
1-1: Ball
2-1: DOUBLE (Line Drive, 89XD, EV 104.4 MPH)
Batting: RHB Tristen Deas 0-0: Ball
1-0: Fly out, F9 (Flyball, 9LSF, EV 73.1 MPH)
Batting: LHB Andy Weisner 0-0: Ball
1-0: Foul Ball, location: 2F
1-1: Fly out, F7 (Flyball, 78M, EV 95.0 MPH)
Bottom of the 2nd over - 0 runs, 1 hit, 0 errors, 1 left on base; Hawthorn 1 - Richmond 3
TOP OF THE 3RD
Hawthorn Hawks batting - Pitching for Richmond Tigers : RHP Matt Folkard
Batting: LHB Fred Pascoe 0-0: Ball
1-0: DOUBLE (Line Drive, 78D, EV 105.6 MPH)
Batting: RHB Frank Crang 0-0: DOUBLE (Line Drive, 9LM, EV 106.3 MPH)
Fred Pascoe scores
Batting: LHB Chandler Cheney 0-0: Called Strike
0-1: Foul Ball, location: 2F
0-2: Ball
1-2: Ball
2-2: Strikes out swinging
Batting: RHB Marvin Leckenby 0-0: Swinging Strike
0-1: DOUBLE (Line Drive, 78D, EV 100.6 MPH)
Frank Crang scores
Batting: LHB David Hayter 0-0: Ball
1-0: Ball
2-0: TRIPLE (Line Drive, 78XD, EV 103.1 MPH)
Marvin Leckenby scores
Batting: LHB Macy Ferns 0-0: Foul Ball, location: 3DF
0-1: Ball
1-1: Swinging Strike
1-2: Ball
2-2: Fly out, F9 (Flyball, 9LM, EV 91.3 MPH)
Runner from 3rd tags up, SCORES, throw by RF
Batting: RHB Ed Glynn 0-0: Ball
1-0: Ball
2-0: Swinging Strike
2-1: Ground out 5-3 (Groundball, 56, EV 80.6 MPH)
Top of the 3rd over - 4 runs, 4 hits, 0 errors, 0 left on base; Hawthorn 5 - Richmond 3
BOTTOM OF THE 3RD
Richmond Tigers batting - Pitching for Hawthorn Hawks : RHP Alan Redelius
Batting: RHB Dae-hwan Kong 0-0: Ball
1-0: Ball
2-0: SINGLE (Line Drive, 8RS, EV 93.1 MPH)
Batting: RHB Paul Funnell 0-0: Foul Ball, location: 2F
0-1: Called Strike
0-2: Ball
1-2: Foul Ball, location: 2F
1-2: Ball
2-2: Ball
3-2: Strikes out swinging
Dae-hwan Kong steals 2nd base
Batter strikes out.
Batting: RHB Garry Bodenham 0-0: Ball
1-0: Called Strike
1-1: Ball
2-1: Fly out, F8 (Flyball, 78D, EV 83.8 MPH)
Batting: RHB Micah Plumtree 0-0: Called Strike
0-1: Ball
1-1: Ground out 5-3 (Groundball, 5, EV 83.8 MPH)
Bottom of the 3rd over - 0 runs, 1 hit, 0 errors, 1 left on base; Hawthorn 5 - Richmond 3
TOP OF THE 4TH
Hawthorn Hawks batting - Pitching for Richmond Tigers : RHP Matt Folkard
Batting: LHB Chris Cunningham 0-0: Fly out, F9 (Flyball, 9LS, EV 89.4 MPH)
Batting: RHB Justin Williams 0-0: Swinging Strike
0-1: Ground out 5-3 (Groundball, 5, EV 85.0 MPH)
Batting: LHB Fred Pascoe 0-0: Ball
1-0: SINGLE (Line Drive, 56, EV 96.3 MPH)
Pitching: RHP Carlyle Shute
Batting: RHB Frank Crang 0-0: Called Strike
0-1: Ball
Fred Pascoe steals 2nd base
1-1: Called Strike
1-2: Foul Ball, location: 3F
1-2: Ball
2-2: Ball
3-2: Base on Balls
Batting: LHB Chandler Cheney 0-0: Called Strike
0-1: Ball
1-1: Ball
2-1: Ball
3-1: Called Strike
3-2: Base on Balls
Fred Pascoe to third
Frank Crang to second
Batting: RHB Marvin Leckenby 0-0: Called Strike
0-1: Ball
1-1: Swinging Strike
1-2: Ball
Wild Pitch!
Fred Pascoe scores
Frank Crang to third
Chandler Cheney to second
2-2: DOUBLE (Line Drive, 89XD, EV 103.8 MPH)
Frank Crang scores
Chandler Cheney scores
Batting: LHB David Hayter 0-0: Ball
1-0: Called Strike
1-1: Ball
2-1: Called Strike
2-2: Ball
3-2: Foul Ball, location: 9LSFF
3-2: Strikes out looking
Top of the 4th over - 3 runs, 2 hits, 0 errors, 1 left on base; Hawthorn 8 - Richmond 3
BOTTOM OF THE 4TH
Richmond Tigers batting - Pitching for Hawthorn Hawks : RHP Alan Redelius
Batting: RHB Darren Honeysett 0-0: Foul Ball, location: 3F
0-1: Foul Ball, location: 2F
0-2: Ball
1-2: DOUBLE (Flyball, 8LXD, EV 98.1 MPH)
Batting: RHB Gerald Doggett 0-0: Called Strike
0-1: Ball
1-1: Swinging Strike
1-2: Foul Ball, location: 25FF
1-2: Strikes out swinging
Batting: RHB Arnie Studs 0-0: Fly out, F7 (Flyball, 78M, EV 93.1 MPH)
Batting: RHB Tristen Deas 0-0: Foul Ball, location: 3F
0-1: Ball
1-1: Ground out 5-3 (Groundball, 56, EV 88.1 MPH)
Bottom of the 4th over - 0 runs, 1 hit, 0 errors, 1 left on base; Hawthorn 8 - Richmond 3
TOP OF THE 5TH
Hawthorn Hawks batting - Pitching for Richmond Tigers : RHP Carlyle Shute
Batting: LHB Macy Ferns 0-0: Ball
1-0: Ball
2-0: Ball
3-0: Base on Balls
Batting: RHB Ed Glynn 0-0: Ball
1-0: Swinging Strike
1-1: Swinging Strike
1-2: Ball
2-2: Foul Ball, location: 2F
2-2: Foul Ball, location: 2F
2-2: Ball
3-2: Strikes out swinging
Batting: LHB Chris Cunningham 0-0: Ball
1-0: Ball
2-0: Ball
3-0: Base on Balls
Macy Ferns to second
Batting: RHB Justin Williams 0-0: Called Strike
0-1: Ball
1-1: Ball
2-1: Fly out, F8 (Flyball, 8RXD, EV 97.5 MPH)
Runner from 2nd tags up, SAFE at 3rd, no throw by CF
Batting: LHB Fred Pascoe 0-0: Ball
Chris Cunningham steals 2nd base
1-0: Called Strike
1-1: Foul Ball, location: 7LMF
1-2: Strikes out swinging
Top of the 5th over - 0 runs, 0 hits, 0 errors, 2 left on base; Hawthorn 8 - Richmond 3
BOTTOM OF THE 5TH
Richmond Tigers batting - Pitching for Hawthorn Hawks : RHP Alan Redelius
Batting: LHB Andy Weisner 0-0: Ball
1-0: Foul Ball, location: 2F
1-1: Foul Ball, location: 2F
1-2: SINGLE (Line Drive, 4D, EV 97.5 MPH)
Batting: RHB Dae-hwan Kong 0-0: Swinging Strike
0-1: Ball
1-1: Foul Ball, location: 9LMF
1-2: Foul Ball, location: 3FF
1-2: Grounds into double play, 6-4-3 (Groundball, 6, EV 100.6 MPH)
Batting: RHB Paul Funnell 0-0: Called Strike
0-1: Foul Ball, location: 5DF
0-2: Ground out 6-3 (Groundball, 6, EV 87.5 MPH)
Bottom of the 5th over - 0 runs, 1 hit, 0 errors, 0 left on base; Hawthorn 8 - Richmond 3
TOP OF THE 6TH
Hawthorn Hawks batting - Pitching for Richmond Tigers : RHP Carlyle Shute
Batting: RHB Frank Crang 0-0: Foul Ball, location: 23F
0-1: Fly out, F9 (Flyball, 9, EV 78.8 MPH)
Batting: LHB Chandler Cheney 0-0: Ball
1-0: Ball
2-0: Called Strike
2-1: SINGLE (Groundball, 6MD, EV 100.6 MPH)
Batting: RHB Marvin Leckenby 0-0: Fly out, F9 (Flyball, 9D, EV 99.4 MPH)
Batting: LHB David Hayter 0-0: Ball
1-0: Swinging Strike
1-1: Called Strike
1-2: Strikes out swinging
Top of the 6th over - 0 runs, 1 hit, 0 errors, 1 left on base; Hawthorn 8 - Richmond 3
BOTTOM OF THE 6TH
Richmond Tigers batting - Pitching for Hawthorn Hawks : RHP Alan Redelius
Batting: RHB Garry Bodenham 0-0: Swinging Strike
0-1: Called Strike
0-2: Fly out, F7 (Flyball, 78S, EV 80.0 MPH)
Batting: RHB Micah Plumtree 0-0: Ball
1-0: Fly out, F7 (Line Drive, 78D, EV 89.4 MPH)
Batting: RHB Darren Honeysett 0-0: Ball
1-0: Called Strike
1-1: Swinging Strike
1-2: Strikes out swinging
Bottom of the 6th over - 0 runs, 0 hits, 0 errors, 0 left on base; Hawthorn 8 - Richmond 3
TOP OF THE 7TH
Hawthorn Hawks batting - Pitching for Richmond Tigers : RHP Carlyle Shute
Batting: LHB Macy Ferns 0-0: Ball
1-0: Foul Ball, location: 7LSF
1-1: Ground out 6-3 (Groundball, 6MD, EV 80.0 MPH)
Batting: RHB Ed Glynn 0-0: Ground out 5-3 (Groundball, 56S, EV 68.8 MPH)
Batting: LHB Chris Cunningham 0-0: Swinging Strike
0-1: TRIPLE (Line Drive, 7D, EV 110.6 MPH)
Pitching: RHP Orville Sailor
Batting: RHB Justin Williams 0-0: Called Strike
0-1: Ball
1-1: Ball
2-1: Ball
3-1: Foul Ball, location: 3SF
3-2: Base on Balls
Batting: LHB Fred Pascoe 0-0: Called Strike
0-1: Foul Ball, location: 3FF
0-2: Strikes out swinging
Top of the 7th over - 0 runs, 1 hit, 0 errors, 2 left on base; Hawthorn 8 - Richmond 3
BOTTOM OF THE 7TH
Richmond Tigers batting - Pitching for Hawthorn Hawks : RHP Alan Redelius
Batting: RHB Gerald Doggett 0-0: Called Strike
0-1: Ball
1-1: Called Strike
1-2: Ground out 5-3 (Groundball, 56, EV 85.0 MPH)
Batting: RHB Arnie Studs 0-0: Swinging Strike
0-1: Called Strike
0-2: Fly out, F8 (Line Drive, 8RD, EV 82.5 MPH)
Batting: RHB Tristen Deas 0-0: Called Strike
0-1: Foul Ball, location: 23F
0-2: Fly out, F7 (Flyball, 7D, EV 93.1 MPH)
Bottom of the 7th over - 0 runs, 0 hits, 0 errors, 0 left on base; Hawthorn 8 - Richmond 3
TOP OF THE 8TH
Hawthorn Hawks batting - Pitching for Richmond Tigers : RHP Orville Sailor
Batting: RHB Frank Crang 0-0: Ball
1-0: Called Strike
1-1: Foul Ball, location: 2F
1-2: Ball
2-2: Ball
3-2: Base on Balls
Batting: LHB Chandler Cheney 0-0: Called Strike
0-1: Foul Ball, location: 5DF
0-2: Foul Ball, location: 2F
0-2: Ball
1-2: Ball
Frank Crang is caught stealing 2nd base 2-6
2-2: Foul Ball, location: 2RF
2-2: SOLO HOME RUN (Flyball, 7LD, EV 93.1 MPH), Distance : 348 ft
Batting: RHB Marvin Leckenby 0-0: Foul Ball, location: 2F
0-1: Ball
1-1: Ball
2-1: Ball
3-1: Base on Balls
Batting: LHB David Hayter 0-0: Fly out, F2 (Popup, 25F, EV 88.8 MPH)
Batting: LHB Macy Ferns 0-0: Fielders Choice at 2nd, 6-4 (Groundball, 6, EV 93.1 MPH)
Top of the 8th over - 1 run, 1 hit, 0 errors, 1 left on base; Hawthorn 9 - Richmond 3
BOTTOM OF THE 8TH
Richmond Tigers batting - Pitching for Hawthorn Hawks : RHP Alan Redelius
Pitching: RHP Chet Rowde
Batting: LHB Andy Weisner 0-0: Ball
1-0: Called Strike
1-1: Ground out 5-3 (Groundball, 56S, EV 66.9 MPH)
Batting: RHB Dae-hwan Kong 0-0: Fly out, F8 (Flyball, 78D, EV 103.8 MPH)
Batting: RHB Paul Funnell 0-0: Ball
1-0: Foul Ball, location: 3F
1-1: Foul Ball, location: 3F
1-2: Ground out 6-3 (Groundball, 6, EV 88.1 MPH)
Bottom of the 8th over - 0 runs, 0 hits, 0 errors, 0 left on base; Hawthorn 9 - Richmond 3
TOP OF THE 9TH
Hawthorn Hawks batting - Pitching for Richmond Tigers : RHP Orville Sailor
Batting: RHB Ed Glynn 0-0: Called Strike
0-1: Swinging Strike
0-2: Foul Ball, location: 2F
0-2: SINGLE (Flyball, 56D, EV 90.6 MPH)
Batting: LHB Chris Cunningham 0-0: Called Strike
0-1: Ball
1-1: Foul Ball, location: 3F
1-2: Strikes out looking
Batting: RHB Justin Williams 0-0: Ball
1-0: Called Strike
1-1: Ball
2-1: Grounds into double play, 4-6-3 (Groundball, 34, EV 98.1 MPH)
Top of the 9th over - 0 runs, 1 hit, 0 errors, 0 left on base; Hawthorn 9 - Richmond 3
BOTTOM OF THE 9TH
Richmond Tigers batting - Pitching for Hawthorn Hawks : RHP Chet Rowde
Batting: RHB Garry Bodenham 0-0: Ball
1-0: Foul Ball, location: 5F
1-1: Called Strike
1-2: Strikes out swinging
Batting: RHB Micah Plumtree 0-0: Ball
1-0: Ball
2-0: Called Strike
2-1: Ball
3-1: Foul Ball, location: 9LMF
3-2: Foul Ball, location: 23FF
3-2: Ground out 5-3 (Groundball, 5, EV 85.0 MPH)
Pinch Hitting: SHB Stefan McCleary 0-0: Ball
1-0: Ground out 6-3 (Groundball, 6, EV 81.9 MPH)
Bottom of the 9th over - 0 runs, 0 hits, 0 errors, 0 left on base; Hawthorn 9 - Richmond 3
Thursday, May 2nd , 2024 - OOTP Baseball 24.9 Build 80